[Event "Titled Tuesday Blitz August 22 Late 2023"]
[White "Dourerassou, Jonathan"]
[Black "Antonios, Johnny"]
[WhiteFideId "628050"]
[BlackFideId "5300843"]
[WhiteElo "2683"]
[BlackElo "2388"]
[Result "1/2-1/2"]
[Round "1"]
[TimeControl "180+1"]
[Date "2023.08.22"]
[WhiteClock "0:00:58"]
[BlackClock "0:01:13"]
[Board "114"]

1. d4 Nf6 2. Bg5 e6 3. e4 h6 4. Bxf6 Qxf6 5. Nc3 d6 6. Nf3 g5 7. e5 Qe7 8. Bb5+ Bd7 9. Qe2 a6 10. Bxd7+ Nxd7 11. O-O-O Bg7 12. h3 dxe5 13. dxe5 O-O-O 14. Rd2 Qc5 15. Re1 Nb6 16. Red1 Rxd2 17. Rxd2 Nc4 18. Rd1 Qb4 19. Na4 Qxa4 20. Rd4 b5 21. Qe4 Kb8 22. a3 Qa5 23. c3 Nxa3 24. bxa3 Qxc3+ 25. Kd1 Qxa3 26. Qc6 Qa1+ 27. Ke2 Bxe5 28. Rd1 Qc3 29. Qxa6 Qc4+ 30. Rd3 Bf6 31. Nd2 Qc5 32. Ra3 c6 33. Qa8+ Kc7 34. Ra7+ Kd6 35. Ne4+ Kd5 36. Nxf6+ Kc4 37. Qxh8 Qxa7 38. Qxh6 Qa2+ 39. Kf3 Qb3+ 40. Kg4 b4 41. Qxg5 c5 42. Qf4+ Kb5 43. Qb8+ Kc4 44. Qe5 Qd3 45. h4 b3 46. h5 Qd4+ 47. Qxd4+ cxd4 48. Ne4 b2 49. Nd2+ Kc3 50. Nb1+ Kc2 51. Na3+ Kb3 52. Nb1 Kc2 53. Na3+ Kb3 54. Nb1 Kc2 1/2-1/2


[Site "https://www.chess.com"]

[Event "Titled Tuesday Blitz August 22 Late 2023"]
[White "Polaczek, Richard"]
[Black "Rastbod, Ali"]
[WhiteFideId "200026"]
[BlackFideId "12567477"]
[WhiteElo "2388"]
[BlackElo "2682"]
[Result "0-1"]
[Round "1"]
[TimeControl "180+1"]
[Date "2023.08.22"]
[WhiteClock "0:00:07"]
[BlackClock "0:00:25"]
[Board "115"]

1. d4 d6 2. e4 Nf6 3. Nc3 g6 4. Bg5 Nbd7 5. f4 c6 6. e5 Nd5 7. Nxd5 cxd5 8. Nf3 Nb6 9. Bb5+ Bd7 10. Bxd7+ Qxd7 11. O-O Bg7 12. c3 O-O 13. Qe2 e6 14. h3 Rfe8 15. Nh2 Qc6 16. Ng4 Nd7 17. Qf2 h5 18. Nh2 f6 19. exf6 Nxf6 20. Bxf6 Bxf6 21. Qg3 Kh7 22. Nf3 Qb5 23. Ng5+ Kg7 24. Rae1 Qd7 25. Nf3 b5 26. Nh4 Bxh4 27. Qxh4 Qf7 28. Qg3 Qf5 29. Qf3 h4 30. Re2 Re7 31. Rfe1 Rf8 32. Qg4 Qxg4 33. hxg4 Rxf4 34. Rxe6 Rxe6 35. Rxe6 Rxg4 36. Rxd6 h3 37. Rxd5 Rxg2+ 38. Kh1 Rxb2 39. Rd7+ Kf6 40. Rxa7 g5 41. d5 g4 42. Ra8 g3 0-1


[Site "https://www.chess.com"]

[Event "Titled Tuesday Blitz August 22 Late 2023"]
[White "Korchmar, Vasiliy"]
[Black "Hague, Ben"]
[WhiteFideId "24131750"]
[BlackFideId "405647"]
[WhiteElo "2675"]
[BlackElo "2381"]
[Result "0-1"]
[Round "1"]
[TimeControl "180+1"]
[Date "2023.08.22"]
[WhiteClock "0:00:00"]
[BlackClock "0:00:16"]
[Board "116"]

1. e4 c5 2. Nc3 Nc6 3. Nf3 e5 4. Bc4 Be7 5. d3 d6 6. O-O Nf6 7. Bg5 O-O 8. h3 Nd7 9. Be3 Nb6 10. Nd2 Kh8 11. f4 exf4 12. Bxf4 Bf6 13. Qh5 Be6 14. Bxe6 fxe6 15. Qg4 Nd4 16. Rac1 Qe7 17. Be3 Rad8 18. Nf3 Nxf3+ 19. Rxf3 Bxc3 20. bxc3 Rxf3 21. Qxf3 Rf8 22. Qg3 Nd7 23. Bf4 e5 24. Bg5 Qf7 25. c4 h6 26. Be3 Nb8 27. Rb1 b6 28. a4 Nc6 29. Qg4 Kh7 30. Re1 Nd4 31. Rc1 Qe8 32. c3 Ne6 33. Ra1 Nf4 34. Bxf4 Rxf4 35. Qe2 Qf7 36. a5 bxa5 37. Rxa5 Qb7 38. Qa2 Rf7 39. Ra6 Qe7 40. Qd2 Qb7 41. Qa2 Qe7 42. Qe2 Qb7 43. Ra1 Qb3 44. Rc1 a5 45. h4 a4 46. h5 a3 47. Qg4 Rf6 48. Qc8 Qb2 49. Rd1 a2 50. Qa8 Rf2 0-1


[Site "https://www.chess.com"]

[Event "Titled Tuesday Blitz August 22 Late 2023"]
[White "Delorme, Axel"]
[Black "Tatarinov, Dmitry"]
[WhiteFideId "632023"]
[BlackFideId "24160067"]
[WhiteElo "2380"]
[BlackElo "2675"]
[Result "0-1"]
[Round "1"]
[TimeControl "180+1"]
[Date "2023.08.22"]
[WhiteClock "0:01:16"]
[BlackClock "0:02:00"]
[Board "117"]

1. d4 Nf6 2. Nf3 e6 3. g3 d5 4. Bg2 b5 5. O-O Be7 6. a4 b4 7. c4 bxc3 8. Nxc3 O-O 9. Bf4 Na6 10. Rc1 c5 11. Nb5 Bb7 12. dxc5 Nxc5 13. Nfd4 a6 14. Nc3 Qb6 15. Qd2 Rac8 16. a5 Qb4 17. Nxd5 Nxd5 18. Qxb4 Nxb4 19. Rc4 Bxg2 20. Kxg2 Nb7 21. Rfc1 Rxc4 22. Rxc4 Nxa5 23. Rc7 Nd5 24. Ra7 Nxf4+ 25. gxf4 Bc5 26. Rxa6 Bxd4 27. Rxa5 Bxb2 28. e3 Bf6 29. Kf3 g6 30. Rb5 Rc8 31. Rb7 Rc2 32. Kg3 Kg7 33. Rd7 h5 34. Rb7 e5 35. fxe5 Bxe5+ 36. f4 Bd6 37. Rd7 Bc5 38. e4 Bg1 39. h3 Bh2+ 40. Kf3 Rc3+ 41. Kg2 Bxf4 0-1


[Site "https://www.chess.com"]

[Event "Titled Tuesday Blitz August 22 Late 2023"]
[White "Ghasi, Ameet K"]
[Black "Gaboyan, Susanna"]
[WhiteFideId "409200"]
[BlackFideId "13303627"]
[WhiteElo "2673"]
[BlackElo "2377"]
[Result "1-0"]
[Round "1"]
[TimeControl "180+1"]
[Date "2023.08.22"]
[WhiteClock "0:00:35"]
[BlackClock "0:00:00"]
[Board "118"]

1. d4 Nf6 2. Bg5 d5 3. e3 c5 4. c3 e6 5. Nd2 cxd4 6. exd4 Be7 7. Bd3 O-O 8. Ngf3 Nc6 9. Qe2 a6 10. h4 b5 11. a3 Rb8 12. Nf1 Bd7 13. Ng3 a5 14. b4 axb4 15. axb4 Ra8 16. O-O Rxa1 17. Rxa1 Qc7 18. Bxb5 h6 19. Bd2 Rb8 20. Bd3 Bd6 21. Nf1 e5 22. dxe5 Nxe5 23. Nxe5 Bxe5 24. Rc1 Re8 25. Qd1 Bg4 26. Qc2 Ne4 27. Bxe4 dxe4 28. c4 Be2 29. Be3 Bd3 30. Qb3 Qe7 31. g3 Be2 32. Re1 Bf3 33. Nd2 Qd7 34. Nxf3 exf3 35. Qd1 Qg4 36. Bf4 f6 37. Bxe5 fxe5 38. Qd5+ Kh8 39. Qe4 1-0


[Site "https://www.chess.com"]

[Event "Titled Tuesday Blitz August 22 Late 2023"]
[White "petr577"]
[Black "Ozdemir, Serhan Berat"]
[BlackFideId "6374611"]
[WhiteElo "2377"]
[BlackElo "2673"]
[Result "1-0"]
[Round "1"]
[TimeControl "180+1"]
[Date "2023.08.22"]
[WhiteClock "0:00:21"]
[BlackClock "0:00:01"]
[Board "119"]

1. d4 Nf6 2. Bg5 g6 3. Bxf6 exf6 4. e3 d5 5. c4 dxc4 6. Bxc4 Bg7 7. Nc3 O-O 8. Nge2 c6 9. a3 Nd7 10. h4 Nb6 11. Ba2 Qe7 12. h5 Be6 13. Bxe6 Qxe6 14. Nf4 Qf5 15. hxg6 hxg6 16. Qb3 Rfe8 17. O-O-O Rac8 18. g4 Qg5 19. Kb1 Qxg4 20. Rc1 Qf5+ 21. Ka1 c5 22. dxc5 Rxc5 23. Rcg1 Kf8 24. Rh7 Rec8 25. Nh5 Rxc3 26. bxc3 Qe5 27. Rxg7 Rxc3 28. Qxf7# 1-0


[Site "https://www.chess.com"]

[Event "Titled Tuesday Blitz August 22 Late 2023"]
[White "Annaberdiyev, Meylis"]
[Black "Fernandez, Maria Florencia"]
[WhiteFideId "14000563"]
[BlackFideId "116459"]
[WhiteElo "2670"]
[BlackElo "2376"]
[Result "1-0"]
[Round "1"]
[TimeControl "180+1"]
[Date "2023.08.22"]
[WhiteClock "0:00:08"]
[BlackClock "0:00:00"]
[Board "120"]

1. e4 d6 2. d4 Nf6 3. Nc3 g6 4. Nf3 Bg7 5. Be2 c6 6. a4 O-O 7. O-O a5 8. h3 Na6 9. Bg5 h6 10. Be3 Nb4 11. Nd2 e5 12. dxe5 dxe5 13. Ncb1 Be6 14. c3 Nd3 15. Qc2 Nf4 16. Bc4 Qe7 17. Re1 N6h5 18. Bf1 f5 19. Kh2 g5 20. exf5 Bxf5 21. Ne4 Qe6 22. Nbd2 Qg6 23. g4 Bxe4 24. Qxe4 Qxe4 25. Nxe4 Nf6 26. Nxf6+ Bxf6 27. Rad1 Rfd8 28. Bb6 Rxd1 29. Rxd1 Kf7 30. Bc4+ Kg6 31. Rd6 Kg7 32. Rd7+ Kg6 33. Bf7+ Kg7 34. Be6+ Kh8 35. Bf5 Re8 36. Rxb7 Kg8 37. Bxa5 Nd5 38. Bb6 e4 39. a5 Ra8 40. Bc5 Be5+ 41. Kg1 Nf4 42. Bxe4 Rxa5 43. Ba3 Ne2+ 44. Kg2 Nf4+ 45. Kf3 Nxh3 46. Bxc6 Ra6 47. Bd5+ Kh8 48. Re7 Bg7 49. Re8+ Kh7 50. Be4+ Rg6 51. Re6 1-0


[Site "https://www.chess.com"]

[Event "Titled Tuesday Blitz August 22 Late 2023"]
[White "Merino Garcia, Rafael II"]
[Black "Mamedov, Edgar"]
[WhiteFideId "2209128"]
[BlackFideId "13739980"]
[WhiteElo "2375"]
[BlackElo "2668"]
[Result "0-1"]
[Round "1"]
[TimeControl "180+1"]
[Date "2023.08.22"]
[WhiteClock "0:00:27"]
[BlackClock "0:01:48"]
[Board "121"]

1. d4 d5 2. Nf3 Nf6 3. g3 e6 4. Bg2 Be7 5. O-O O-O 6. c4 c6 7. Nc3 Nbd7 8. Nd2 b5 9. cxb5 cxb5 10. Nxb5 Qb6 11. Nc3 Qxd4 12. e4 Ba6 13. Re1 Bc5 14. Re3 dxe4 15. Na4 Rad8 16. Nxc5 Nxc5 17. Qc2 Bd3 18. Qc3 Qxc3 19. bxc3 Nd5 20. Re1 Nxc3 21. Ba3 Rc8 22. Bxc5 Rxc5 23. Nxe4 Bxe4 24. Bxe4 g6 25. Bf3 Rd8 26. Rac1 Rd2 27. a3 Ra2 28. Kg2 Rxa3 29. Re3 Kg7 30. h4 a5 31. Rc2 a4 32. h5 gxh5 33. Rd3 Rb3 0-1


[Site "https://www.chess.com"]

[Event "Titled Tuesday Blitz August 22 Late 2023"]
[White "Karttunen, Mika"]
[Black "Delorme, Laurie"]
[WhiteFideId "502081"]
[BlackFideId "630829"]
[WhiteElo "2659"]
[BlackElo "2374"]
[Result "0-1"]
[Round "1"]
[TimeControl "180+1"]
[Date "2023.08.22"]
[WhiteClock "0:00:14"]
[BlackClock "0:00:06"]
[Board "122"]

1. e4 c5 2. Nf3 Nc6 3. Bb5 e6 4. Bxc6 bxc6 5. d3 Ne7 6. b3 d6 7. e5 f6 8. exd6 Nf5 9. g4 Nd4 10. g5 Bxd6 11. Nxd4 cxd4 12. Qh5+ g6 13. Qh6 Kf7 14. Nd2 Bb4 15. Ke2 Bxd2 16. Bxd2 e5 17. gxf6 Qxf6 18. Raf1 Bf5 19. f3 a5 20. a4 c5 21. h4 Rae8 22. h5 Be6 23. Rfg1 Bd5 24. Rg3 Reg8 25. Rhg1 Ke8 26. Qg5 Ke7 27. Qh6 Kd7 28. Bg5 Qe6 29. Bd2 Kc6 30. Qg5 h6 31. Qg4 Qxg4 32. fxg4 g5 33. Rf1 Rf8 34. Rgg1 Be6 35. Bxa5 Kd5 36. Bd2 Rxf1 37. Kxf1 Rf8+ 38. Ke2 e4 39. dxe4+ Kxe4 40. Rg3 c4 41. bxc4 Bxc4+ 42. Rd3 Bxd3+ 43. cxd3+ Kd5 44. a5 Ra8 45. Kf3 Ra6 46. Ke2 Ke5 47. Kf3 Kd5 48. Ke2 Rf6 49. Bc1 Kc5 50. Bd2 Kb5 51. Ke1 Rf3 52. Ke2 Rg3 53. Kf2 Rxg4 54. Kf3 Rh4 55. Kg3 Rxh5 56. Be1 Rh1 57. Bf2 Rd1 58. Kg4 Rxd3 59. Kh5 Kxa5 60. Kxh6 g4 61. Kg5 g3 62. Bg1 Rd1 0-1


[Site "https://www.chess.com"]

[Event "Titled Tuesday Blitz August 22 Late 2023"]
[White "Ovezdurdyyeva, Jemal"]
[Black "Skvortsov, Andrei"]
[WhiteFideId "14001888"]
[BlackFideId "24108600"]
[WhiteElo "2373"]
[BlackElo "2658"]
[Result "0-1"]
[Round "1"]
[TimeControl "180+1"]
[Date "2023.08.22"]
[WhiteClock "0:01:45"]
[BlackClock "0:02:01"]
[Board "123"]

1. e4 c5 2. Nf3 d6 3. c3 Nf6 4. Bd3 g5 5. Nxg5 Rg8 6. Nf3 Rxg2 7. Bc2 Nc6 8. d4 cxd4 9. cxd4 Nb4 10. Ba4+ Bd7 11. Nc3 Qa5 12. Bxd7+ Kxd7 13. Nh4 Rg4 14. Nf5 Rxe4+ 15. Nxe4 Nc2+ 16. Kf1 Nxe4 17. Qxc2 Qxf5 18. Be3 Ng3+ 0-1


[Site "https://www.chess.com"]

[Event "Titled Tuesday Blitz August 22 Late 2023"]
[White "Piesik, Piotr"]
[Black "Jakubowska, Anna"]
[WhiteFideId "1136194"]
[BlackFideId "1121952"]
[WhiteElo "2658"]
[BlackElo "2371"]
[Result "1-0"]
[Round "1"]
[TimeControl "180+1"]
[Date "2023.08.22"]
[WhiteClock "0:00:08"]
[BlackClock "0:00:10"]
[Board "124"]

1. Nf3 f5 2. d3 Nf6 3. e4 d6 4. exf5 Bxf5 5. d4 g6 6. Bd3 Qd7 7. O-O Bg7 8. Re1 O-O 9. Bxf5 Qxf5 10. Rxe7 Nd5 11. Re2 Nc6 12. Nc3 Rae8 13. Nxd5 Qxd5 14. Rxe8 Rxe8 15. Be3 Ne7 16. c3 Nf5 17. Bf4 Qe4 18. Qd2 Qd5 19. b3 h6 20. Re1 Rxe1+ 21. Qxe1 g5 22. Bd2 c5 23. c4 Qf7 24. dxc5 dxc5 25. Bc3 Qd7 26. Bxg7 Kxg7 27. Qe5+ Kg6 28. h3 b6 29. Qh8 Qe6 30. Ne5+ Kh5 31. g4+ Kh4 32. gxf5 Qd6 33. Kg2 g4 34. hxg4 Kg5 35. Qg7+ Kf4 36. Nf3 Qc6 37. Qe5+ Kxg4 38. Qg3+ Kxf5 39. Kh2 Qf6 40. Nh4+ Ke4 41. Ng2 Kd4 42. Qe3# 1-0


[Site "https://www.chess.com"]

[Event "Titled Tuesday Blitz August 22 Late 2023"]
[White "Baghdasaryan, Vahe"]
[Black "Kleiman, Jake"]
[WhiteFideId "13303139"]
[BlackFideId "2020041"]
[WhiteElo "2368"]
[BlackElo "2658"]
[Result "0-1"]
[Round "1"]
[TimeControl "180+1"]
[Date "2023.08.22"]
[WhiteClock "0:00:12"]
[BlackClock "0:00:08"]
[Board "125"]

1. e4 e5 2. Nf3 Nc6 3. Nc3 Nf6 4. a3 d5 5. exd5 Nxd5 6. Bb5 Nxc3 7. bxc3 Bd7 8. O-O Bd6 9. Re1 O-O 10. Bxc6 Bxc6 11. Nxe5 Bd5 12. d4 c5 13. c4 Bxe5 14. Rxe5 Bxc4 15. Rxc5 b5 16. Be3 Qd7 17. a4 a6 18. Qf3 Rac8 19. h4 bxa4 20. h5 Rxc5 21. dxc5 h6 22. Qg3 Kh7 23. c3 Bb3 24. Bd4 f6 25. Qg6+ Kg8 26. Qd3 Qc6 27. f3 Re8 28. Qg6 Bf7 29. Qg3 Re2 30. Qb8+ Kh7 31. Qb1+ Kg8 32. Qf1 Re8 33. Qf2 Bxh5 34. g4 Bf7 35. Qc2 Qxf3 36. Rxa4 Qxg4+ 37. Qg2 Qd1+ 38. Kh2 Qxa4 39. Bxf6 Qf4+ 40. Qg3 Qxf6 41. Kg1 Re2 42. Qf2 Qxf2+ 43. Kh1 Qg2# 0-1


[Site "https://www.chess.com"]

[Event "Titled Tuesday Blitz August 22 Late 2023"]
[White "Pham, Le Thao Nguyen"]
[Black "Tinmaz, Kerem"]
[WhiteFideId "12401226"]
[BlackFideId "44559151"]
[WhiteElo "2657"]
[BlackElo "2367"]
[Result "1-0"]
[Round "1"]
[TimeControl "180+1"]
[Date "2023.08.22"]
[WhiteClock "0:01:51"]
[BlackClock "0:00:05"]
[Board "126"]

1. d4 d5 2. Nf3 Nf6 3. Bf4 Bf5 4. c4 e6 5. Nc3 c6 6. Qb3 Qb6 7. e3 Qxb3 8. axb3 a6 9. h3 h6 10. c5 Nbd7 11. b4 Rc8 12. Nd2 Ne4 13. Nb3 g5 14. Bh2 e5 15. dxe5 Nxc3 16. bxc3 Be6 17. Nd4 Bg7 18. f4 Ke7 19. f5 Nxe5 20. fxe6 fxe6 21. Be2 Rhf8 22. Rf1 Rxf1+ 23. Kxf1 Rf8+ 24. Kg1 Ng6 25. Bd6+ 1-0


[Site "https://www.chess.com"]

[Event "Titled Tuesday Blitz August 22 Late 2023"]
[White "Labussiere, Yago"]
[Black "Godzwon, Iwo"]
[WhiteFideId "2186969"]
[BlackFideId "21802483"]
[WhiteElo "2366"]
[BlackElo "2657"]
[Result "0-1"]
[Round "1"]
[TimeControl "180+1"]
[Date "2023.08.22"]
[WhiteClock "0:00:16"]
[BlackClock "0:01:02"]
[Board "127"]

1. c4 e5 2. g3 Nf6 3. Bg2 c6 4. Nf3 e4 5. Nd4 d5 6. cxd5 Qxd5 7. Nb3 Be7 8. Nc3 Qe5 9. d3 exd3 10. O-O dxe2 11. Nxe2 O-O 12. Bf4 Qh5 13. Re1 Bg4 14. Qc2 Na6 15. a3 Nd5 16. Be5 Bf6 17. Bxf6 Nxf6 18. Nf4 Qb5 19. Nd4 Qc5 20. Qxc5 Nxc5 21. Rac1 Ncd7 22. h3 Bh5 23. Nxh5 Nxh5 24. Re7 Nhf6 25. b4 a6 26. a4 Rfe8 27. Rce1 Kf8 28. Rxe8+ Rxe8 29. Rxe8+ Nxe8 30. b5 axb5 31. axb5 c5 32. Nf5 g6 33. Ne3 Nd6 34. Bf1 Ke7 35. f4 Nf6 36. Kg2 Nfe4 37. b6 Nc8 38. Nd5+ Kd6 39. Bc4 Nd2 40. Ba2 c4 41. Ne3 Nxb6 42. Kf2 Kc5 43. Ke2 Nb3 44. Kd1 Kd4 45. Ke2 Nc1+ 0-1


[Site "https://www.chess.com"]

[Event "Titled Tuesday Blitz August 22 Late 2023"]
[White "Arias, Juan Cruz"]
[Black "Seresin, Francesco"]
[WhiteFideId "118540"]
[BlackFideId "886335"]
[WhiteElo "2654"]
[BlackElo "2363"]
[Result "1-0"]
[Round "1"]
[TimeControl "180+1"]
[Date "2023.08.22"]
[WhiteClock "0:01:06"]
[BlackClock "0:00:00"]
[Board "128"]

1. d4 d5 2. Bf4 e6 3. e3 Nf6 4. Nf3 Bd6 5. Nbd2 O-O 6. Bd3 b6 7. Qe2 a5 8. O-O Ba6 9. Bxa6 Nxa6 10. c3 c5 11. Rab1 Nb8 12. Rfd1 Nc6 13. Bxd6 Qxd6 14. dxc5 Qxc5 15. e4 dxe4 16. Nxe4 Nxe4 17. Qxe4 Rad8 18. g3 h6 19. Kg2 b5 20. Rbc1 Ne7 21. Qe2 Qc6 22. Kg1 Nd5 23. Nd4 Qc4 24. Kf1 Qxa2 25. Nxb5 Rb8 26. c4 Nb4 27. Rc3 Rfd8 28. Rdc1 Nd5 29. Ra3 1-0


[Site "https://www.chess.com"]

[Event "Titled Tuesday Blitz August 22 Late 2023"]
[White "kaanadayhamle"]
[Black "Skatchkov, Valery"]
[BlackFideId "24195812"]
[WhiteElo "2359"]
[BlackElo "2651"]
[Result "1/2-1/2"]
[Round "1"]
[TimeControl "180+1"]
[Date "2023.08.22"]
[WhiteClock "0:00:10"]
[BlackClock "0:00:16"]
[Board "129"]

1. e4 e5 2. Nf3 Nf6 3. Nxe5 d6 4. Nf3 Nxe4 5. Nc3 Nxc3 6. dxc3 Be7 7. Bc4 O-O 8. O-O Nd7 9. Re1 c6 10. Bf4 d5 11. Bd3 Nc5 12. Qe2 Re8 13. Nd4 Nxd3 14. cxd3 Bd7 15. Qf3 Bf6 16. Nc2 Qb6 17. Rab1 Rxe1+ 18. Nxe1 Re8 19. Qd1 Bf5 20. a3 h6 21. h3 a5 22. Qd2 a4 23. Nf3 Qb5 24. Rd1 c5 25. d4 Be4 26. dxc5 Qxc5 27. Be3 Qc8 28. Nd4 Be5 29. f3 Bg6 30. Bf4 Bf6 31. Bg3 Qc4 32. Bf2 Bg5 33. f4 Bf6 34. Re1 Be4 35. Ne2 Re6 36. Ng3 Bd3 37. Rxe6 fxe6 38. Qe3 Kf7 39. Qb6 Qc6 40. Qxc6 bxc6 41. Bd4 Be7 42. Kf2 c5 43. Be5 Bh4 44. Kf3 g6 45. Nh1 Be4+ 46. Ke3 Bxg2 47. Nf2 Bxf2+ 48. Kxf2 Bxh3 49. Kg3 Bf5 50. Kf2 g5 51. fxg5 hxg5 52. Bd6 Kf6 53. Bxc5 e5 54. Kg3 Bd3 55. Be3 Kf5 56. Bc5 Bc4 57. Bb6 Ke4 58. Bd8 Kf5 59. Bb6 Be2 60. Be3 Ke4 61. Bxg5 Kd3 62. Bf6 e4 63. Kf4 Kc2 64. Ke3 Bc4 65. Be7 Kxb2 66. Bb4 Kc2 67. Ba5 Kb3 68. Bb4 Kb2 69. Kd4 Kc2 70. Ke3 Kb3 71. Kd4 Kb2 72. Ke3 Kc1 73. Ba5 Bb3 74. Bb4 Kc2 75. Ba5 Bc4 76. Bb4 Kb3 77. Kd4 1/2-1/2


[Site "https://www.chess.com"]

[Event "Titled Tuesday Blitz August 22 Late 2023"]
[White "Shuvalova, Polina"]
[Black "Bernat, David"]
[WhiteFideId "24171760"]
[BlackFideId "2099225"]
[WhiteElo "2649"]
[BlackElo "2358"]
[Result "1-0"]
[Round "1"]
[TimeControl "180+1"]
[Date "2023.08.22"]
[WhiteClock "0:01:05"]
[BlackClock "0:00:18"]
[Board "130"]

1. b3 c5 2. Bb2 Nc6 3. e4 Nf6 4. d3 d5 5. exd5 Nxd5 6. Nf3 Bg4 7. Nbd2 e6 8. h3 Bh5 9. g3 f6 10. Bg2 Bd6 11. Ne4 Be5 12. Bxe5 Nxe5 13. g4 Nxf3+ 14. Qxf3 Bg6 15. O-O Qc7 16. Rfe1 O-O 17. Ng3 Bf7 18. Re4 Rad8 19. Rae1 b5 20. h4 Nc3 21. R4e3 Rd4 22. Ne4 Nxe4 23. Rxe4 e5 24. Qg3 Rxe4 25. Bxe4 c4 26. dxc4 bxc4 27. g5 fxg5 28. hxg5 cxb3 29. axb3 Qa5 30. Re3 Qa1+ 31. Kg2 Qd4 32. c3 Qd6 33. b4 Bg6 34. Bxg6 Qxg6 35. Qxe5 Rf5 36. Qe8+ Qxe8 37. Rxe8+ Kf7 38. Ra8 Rxg5+ 39. Kf3 Rf5+ 40. Kg3 a5 41. Rxa5 Rf6 42. Rc5 Ke7 43. Rc7+ Kf8 44. b5 Rg6+ 45. Kf3 h5 46. c4 h4 47. Rc8+ Ke7 48. Rh8 Rf6+ 49. Kg4 Rxf2 50. Rxh4 Kd6 51. Rh8 Kc5 52. Rc8+ Kb6 53. Rc6+ Kb7 54. Kg5 Rf1 55. Kg6 Rg1+ 56. Kf5 Rf1+ 57. Ke5 g5 58. Rg6 Re1+ 59. Kd5 Rd1+ 60. Kc5 Rg1 61. Rg7+ Kc8 62. Kb6 g4 63. c5 g3 64. c6 Kd8 65. c7+ Kc8 66. Rg8+ Kd7 67. c8=Q+ 1-0


[Site "https://www.chess.com"]

[Event "Titled Tuesday Blitz August 22 Late 2023"]
[White "Battlecruiser_Operational"]
[Black "Ehlvest, Jaan"]
[BlackFideId "4500016"]
[WhiteElo "2356"]
[BlackElo "2647"]
[Result "0-1"]
[Round "1"]
[TimeControl "180+1"]
[Date "2023.08.22"]
[WhiteClock "0:01:41"]
[BlackClock "0:02:06"]
[Board "131"]

1. e4 c6 2. Nc3 d5 3. Nf3 dxe4 4. Nxe4 Nf6 5. Nxf6+ exf6 6. Bc4 Bd6 7. O-O h5 8. b3 h4 9. Re1+ Kf8 10. h3 Nd7 11. a4 Nb6 12. Bd3 Be6 13. a5 Nd5 14. Ba3 Bxa3 15. Rxa3 Qd6 16. Ra4 Nf4 17. Bf1 g5 18. Nd4 Bd7 19. a6 b5 20. g3 bxa4 21. gxf4 Qxd4 0-1


[Site "https://www.chess.com"]

[Event "Titled Tuesday Blitz August 22 Late 2023"]
[White "Filipascu"]
[Black "KorolDimitriy75"]
[WhiteElo "2645"]
[BlackElo "2356"]
[Result "1-0"]
[Round "1"]
[TimeControl "180+1"]
[Date "2023.08.22"]
[WhiteClock "0:01:35"]
[BlackClock "0:00:02"]
[Board "132"]

1. c4 c5 2. Nf3 g6 3. d4 cxd4 4. Nxd4 Bg7 5. e4 Nc6 6. Be3 Nf6 7. Nc3 O-O 8. Be2 d6 9. O-O Bd7 10. h3 Nxd4 11. Bxd4 Bc6 12. Qc2 a5 13. Rad1 Nd7 14. Bxg7 Kxg7 15. f4 Qb6+ 16. Kh2 a4 17. Nd5 Bxd5 18. exd5 Nf6 19. Bd3 Rfc8 20. Qe2 Rc7 21. f5 Qc5 22. fxg6 hxg6 23. Rf4 Rh8 24. Rdf1 Rh6 25. g4 g5 26. Rf5 Qd4 27. Rxg5+ Kf8 28. Kg3 a3 29. b3 b5 30. Rgf5 bxc4 31. Bxc4 Ke8 32. R5f4 Qc3+ 33. R1f3 Qa1 34. Kg2 Kd8 35. Rf2 Rg6 36. Qe3 Rc5 37. Qd2 Nd7 38. Rxf7 Ne5 39. Rf8+ Kd7 40. Qb4 Nxg4 41. Qb7+ Rc7 42. Bb5# 1-0


[Site "https://www.chess.com"]

[Event "Titled Tuesday Blitz August 22 Late 2023"]
[White "Okike, David"]
[Black "Zhu, Jiner"]
[WhiteFideId "8500134"]
[BlackFideId "8608059"]
[WhiteElo "2355"]
[BlackElo "2645"]
[Result "0-1"]
[Round "1"]
[TimeControl "180+1"]
[Date "2023.08.22"]
[WhiteClock "0:01:45"]
[BlackClock "0:01:11"]
[Board "133"]

1. e4 e5 2. Nf3 Nc6 3. Bc4 Bc5 4. c3 Nf6 5. d3 d6 6. Bg5 h6 7. Bh4 a6 8. a4 Ba7 9. a5 g5 10. Bg3 Be6 11. Nbd2 Qd7 12. Qb3 O-O-O 13. Qa4 Nh5 14. b4 d5 15. exd5 Bxd5 16. b5 axb5 17. Qxb5 Bxc4 18. Qxc4 Qxd3 19. Qxd3 Rxd3 20. O-O g4 21. Bxe5 Nxe5 22. Nxe5 Rxd2 23. Nxf7 Rf8 24. Nxh6 Bxf2+ 25. Kh1 Rh8 26. Nf5 Ng3+ 27. Nxg3 Bxg3 28. h3 gxh3 29. Rf3 hxg2+ 0-1


[Site "https://www.chess.com"]

[Event "Titled Tuesday Blitz August 22 Late 2023"]
[White "Mendez Fortes, Eduardo Jesus"]
[Black "Han, Yichen"]
[WhiteFideId "3502376"]
[BlackFideId "1054430"]
[WhiteElo "2638"]
[BlackElo "2351"]
[Result "1-0"]
[Round "1"]
[TimeControl "180+1"]
[Date "2023.08.22"]
[WhiteClock "0:01:01"]
[BlackClock "0:00:10"]
[Board "134"]

1. e4 c6 2. d4 d5 3. e5 Bf5 4. Nf3 e6 5. Be2 Ne7 6. Nbd2 Nd7 7. O-O Bg6 8. Nb3 Nf5 9. a4 Be7 10. g4 Nh4 11. Nxh4 Bxh4 12. f4 Be4 13. Bf3 f5 14. Bxe4 dxe4 15. g5 Nf8 16. Qh5+ Ng6 17. Be3 Kf7 18. Nc5 b6 19. Nb7 Qe7 20. Nd6+ Kg8 21. c4 Rd8 22. c5 Rxd6 23. cxd6 Qf7 24. Rac1 h6 25. Rxc6 hxg5 26. Rc8+ Nf8 27. Qxf7+ Kxf7 28. d7 gxf4 29. Rxf4 Be7 30. d8=Q Bxd8 31. Rxd8 g5 32. Rf1 f4 33. Bxf4 gxf4 34. Rxf4+ Ke7 35. Rdxf8 Rxf8 36. Rxf8 Kxf8 1-0


[Site "https://www.chess.com"]

[Event "Titled Tuesday Blitz August 22 Late 2023"]
[White "Ozen, Batuhan"]
[Black "Goltsev, Dmitry"]
[WhiteFideId "6345123"]
[BlackFideId "24176710"]
[WhiteElo "2350"]
[BlackElo "2635"]
[Result "1-0"]
[Round "1"]
[TimeControl "180+1"]
[Date "2023.08.22"]
[WhiteClock "0:00:25"]
[BlackClock "0:00:56"]
[Board "135"]

1. c4 Nf6 2. Nf3 b6 3. g3 Bb7 4. Bg2 g6 5. O-O Bg7 6. Nc3 O-O 7. b4 a5 8. b5 d6 9. a4 Nbd7 10. Bb2 e5 11. d3 Nc5 12. Nd2 Bxg2 13. Kxg2 Qc8 14. Ba3 Qb7+ 15. Kg1 Ne6 16. e3 Ng5 17. e4 Ne6 18. Nd5 Nxd5 19. cxd5 Nd4 20. Bb2 f5 21. Bxd4 exd4 22. Rc1 Rae8 23. Rc6 Rf7 24. Nf3 fxe4 25. Ng5 e3 26. fxe3 Rxf1+ 27. Qxf1 Rf8 28. Qe2 Qc8 29. Ne6 Rf7 30. exd4 Bf6 31. Qc2 Bd8 32. Rxd6 Bf6 33. Rc6 Qa8 34. Qc4 h6 35. d6 Qe8 36. dxc7 Qc8 37. Rd6 Kh7 38. Rd8 Qb7 39. Ng5+ hxg5 40. Qxf7+ Kh6 41. Qxf6 Qxc7 42. Rh8+ Qh7 43. d5 g4 44. Qh4+ Kg7 45. Rxh7+ Kg8 46. Qe7 g5 47. Qf7# 1-0


[Site "https://www.chess.com"]

[Event "Titled Tuesday Blitz August 22 Late 2023"]
[White "Danielyan, Vahe"]
[Black "Andrews, Todd"]
[WhiteFideId "13304828"]
[BlackFideId "2012456"]
[WhiteElo "2633"]
[BlackElo "2347"]
[Result "0-1"]
[Round "1"]
[TimeControl "180+1"]
[Date "2023.08.22"]
[WhiteClock "0:00:47"]
[BlackClock "0:00:19"]
[Board "136"]

1. e4 c5 2. Nc3 d6 3. d4 cxd4 4. Qxd4 Nc6 5. Qd2 Nf6 6. b3 e6 7. Bb2 a6 8. O-O-O Qc7 9. f3 Be7 10. g4 b5 11. Kb1 Bb7 12. g5 Nd7 13. h4 b4 14. Nce2 a5 15. Nh3 a4 16. Nhf4 Nc5 17. Nh5 Qa5 18. Nc1 Ne5 19. Be2 Rg8 20. f4 Ned7 21. e5 axb3 22. cxb3 Be4+ 23. Qc2 Bxc2+ 24. Kxc2 d5 25. Kb1 Ne4 26. Bd3 Nc3+ 27. Bxc3 bxc3 28. Rh2 g6 29. Ng3 Nc5 30. Bc2 Qa3 31. Bd3 Kd7 32. Nge2 Rgb8 33. Nd4 Nxd3 34. Rxd3 Bc5 35. Nf3 d4 36. Nxd4 Bxd4 37. Rxd4+ Ke7 38. Rc4 Rd8 39. Rc2 Rd1 40. Ra4 Rxa4 41. bxa4 Rxc1+ 42. Rxc1 Qb2# 0-1


[Site "https://www.chess.com"]